 Dungeon Crawl Stone Soup version 0.29.1-15-g9cfb28693d (webtiles) character file.

Game seed: 10829347003712276522

11 Mickster the Trooper (level 2, 0/25 HPs)
             Began as a Demigod Fighter on Mar 8, 2023.
             Slain by a quokka (1 damage)
             ... on level 1 of the Dungeon.
             The game lasted 00:02:10 (373 turns).

Mickster the Trooper (Demigod Fighter)               Turns: 373, Time: 00:02:13

Health: 0/25       AC:  8    Str: 17    XL:     2   Next: 6%
Magic:  4/4        EV:  9    Int: 10    God:
Gold:   25         SH:  4    Dex: 13    Spells: 1/1 levels left

rFire   . . .      SeeInvis .   a - +0 war axe
rCold   . . .      Faith    .   c - +0 buckler
rNeg    . . .      Spirit   .   b - +0 scale mail
rPois   .          Reflect  .   (no helmet)
rElec   .          Harm     .   f - +1 cloak
rCorr   .          Rampage  .   (no gloves)
Will    .....                   (no boots)
Stlth   ..........              (no amulet)
HPRegen 0.08/turn               (no ring)
MPRegen 0.09/turn               (no ring)

@: lethally poisoned (0 -> -21)
A: high MP 1, forlorn, divine attributes
a: no special abilities


You were on level 1 of the Dungeon.
You visited 1 branch of the dungeon, and saw 1 of its levels.

You collected 25 gold pieces.

Inventory:

Hand Weapons
 a - a +0 war axe (weapon)
Armour
 b - a +0 scale mail (worn)
 c - a +0 buckler (worn)
 f - a +1 cloak (worn)
Scrolls
 e - a scroll of vulnerability {unknown}
Potions
 d - a potion of might


   Skills:
 + Level 2.9 Fighting
 + Level 1.9 Axes
 + Level 2.9 Armour
 + Level 2.8 Shields


You had one spell level left.
You didn't know any spells.
Your spell library contained the following spells:

 Spells                   Type           Power      Damage    Failure   Level
 Ozocubu's Armour         Ice            0%         N/A       99%         3
 Animate Armour           Summ/Erth      0%         N/A       100%        4


Dungeon Overview and Level Annotations

Branches:
Dungeon (1/15)


Innate Abilities, Weirdness & Mutations

You have an increased reservoir of magic. (+10% MP)
You shall have no god before yourself.
Your divine heritage dramatically boosts your attributes as you level up.


Message History

The rat twitches its whiskers.
Done waiting.
An endoplasm comes into view.
The endoplasm quivers.
The endoplasm hits you.
You slash the endoplasm!
You kill the endoplasm!
The orc shouts!
The endoplasm quivers.
The hobgoblin shouts!
You open the large door. You block the orc's attack.
The orc closely misses you.
The endoplasm jiggles.
You hit the orc but do no damage. You barely miss the orc.
The orc hits you with a +1 mace of venom.
You block the orc's attack.
You slash the orc!
You kill the orc!
You hit the orc but do no damage. The orc barely misses you.
The orc hits you with a +1 mace of venom.
You are poisoned.
You have reached level 2!
You closely miss the quokka. You closely miss the orc.
You feel very sick. The quokka closely misses you.
The orc hits you from afar with a +0 trident.
The orc hits you with a +1 mace of venom.
You are lethally poisoned!
The orc hits you from afar with a +0 trident.
The quokka barely misses you.
The orc hits you from afar with a +0 trident.
* * * LOW HITPOINT WARNING * * *
The orc hits you but does no damage.
You miss the quokka. You barely miss the orc.
* * * LOW HITPOINT WARNING * * *
You feel very sick. You block the quokka's attack.
The orc hits you but does no damage. x2
You are more poisoned.
The orc barely misses you. The quokka bites you.
You die...

#####♣♣♣♣♣♣♣♣♣♣♣♣♣
...............♣♣ ####
#..♣...♣....♣... #....
#..♣♣....♣♣....
#...#...o#####.......♣.♣... #
#...#..oo#.#.8.....♣...♣...
#.#...#..goo........♣♣.÷♣..♣.
.#...#..Jgor..........).†♣..
....#..oo#@#.8......♣♣.....
#...#..oo#####.....♣......♣
#...#.... ##....♣...♣♣..♣.
#...########....♣♣..♣..♣♣..
#..............♣....... ..
#...###........♣.♣.♣.[.♣ .♣
#.............♣....♣... ..
#....................
###############♣♣♣♣♣♣


You could see 6 orcs, an endoplasm, a quokka, a hobgoblin and a goblin.

Vanquished Creatures
  An orc (D:1)
  A ball python (D:1)
  An endoplasm (D:1)
  A goblin (D:1)
  3 hobgoblins (D:1)
  A bat (D:1)
  A kobold (D:1)
9 creatures vanquished.

Notes
Turn   | Place    | Note
-------+----------+-------------------------------------------
     0 | D:1      | Mickster the Demigod Fighter began the quest for the Orb.
     0 | D:1      | Reached XP level 1. HP: 18/18 MP: 3/3
    46 | D:1      | Got the Almanac of Chilling Stones
    56 | D:1      | Found a large runed translucent door.
    56 | D:1      | Found a large runed translucent door.
   372 | D:1      | Reached XP level 2. HP: 19/25 MP: 4/4
   373 | D:1      | HP: 1/25 [poisoned by an orc]
   373 | D:1      | Slain by a quokka

Illustrated notes

Levels and vault maps discovered:
D:1:      erik_arrival_cave_to_civilisation [erik_arrival_cave_to_temple],
          layout_basic, chequers_jeans

Action                   || total
-------------------------++-------
Melee: War axe           ||    18
Armor: Scale mail        ||    12
Dodge: Dodged            ||     8
Block: Buckler           ||     6
